 Dungeon Crawl Stone Soup version 0.31-a0-222-gefeffbb62a (webtiles) character file.

Game seed: 2178097782505247202

321 qw the Chopper (level 6, -5/37 HPs)
             Began as a Gargoyle Fighter on July 5, 2023.
             Slain by an orc priest
             ... wielding a +2 heavy trident
              (10 damage)
             ... on level 3 of the Dungeon.
             The game lasted 00:00:53 (1953 turns).

qw the Chopper (Gargoyle Fighter)                   Turns: 1953, Time: 00:00:54

Health: -5/37      AC: 18    Str: 21    XL:     6   Next: 46%
Magic:  6/6        EV:  5    Int:  9    God:
Gold:   71         SH:  4    Dex:  9    Spells: 5/5 levels left

rFire   . . .        Y - +2 war axe (venom)
rCold   . . .        c - +0 buckler
rNeg    + . .        h - +0 plate armour
rPois   inf          (no helmet)
rElec   +            (no cloak)
rCorr   .            a - +1 pair of gloves
SInv    .            (no boots)
Will    .....        (no amulet) Stlth
                     (no ring)
HPRegen 0.26/turn    (no ring)
MPRegen 0.10/turn

%: no passive effects
@: no status effects
A: sickness immunity, AC +4, negative energy resistance 1, electricity
resistance, torment resistance 1, petrification resistance
a: no special abilities


You were on level 3 of the Dungeon.
You visited 1 branch of the dungeon, and saw 3 of its levels.

You collected 71 gold pieces.


Innate Abilities, Weirdness & Mutations

You are immune to sickness and miasma.
Your stone body is resilient. (AC +4)
You are immune to poison.
You resist negative energy. (rN+)
You are resistant to electric shocks. (rElec)
You are resistant to unholy torment.
You are immune to petrification.


   Skills:
 + Level 3.4 Fighting
 - Level 5.8 Axes
 - Level 1.1 Throwing
 - Level 3.2 Armour
 - Level 3.2 Shields


You had 5 spell levels left.
You didn't know any spells.
Your spell library was empty.

Inventory:

Hand Weapons
 l - a +0 whip
 Y - a +2 war axe of venom (weapon)
Armour
 a - a +1 pair of gloves (worn)
 c - a +0 buckler (worn)
 h - a +0 plate armour (worn)
Scrolls
 f - a scroll of identify
Potions
 d - 2 potions of might
 e - a potion of haste {unknown}
 g - a potion of brilliance {unknown}
 j - a potion of berserk rage {unknown}

Dungeon Overview and Level Annotations

Branches:
Dungeon (3/15)

Altars:


Message History

The orc hits you but does no damage. The orc priest completely misses you.
You slash the orc!
You kill the orc!
An orc comes into view. It is wielding a +0 whip.
You barely miss the orc.
The orc shouts!
You block the orc priest's attack.
You closely miss the orc.
The orc priest hits you but does no damage.
The orc hits you with a +0 flail.
You closely miss the orc. The orc hits you but does no damage.
The orc priest hits you from afar with a +2 heavy trident.
The orc hits you but does no damage.
You hit the orc but do no damage.
The orc is poisoned.
You closely miss the orc. You block the orc priest's attack.
The orc hits you but does no damage. x2
You hit the orc.
The orc looks as sick as possible!
The orc is lightly wounded.
You barely miss the orc. The orc hits you but does no damage.
The orc closely misses you.
The orc priest hits you but does no damage.
You hit the orc.
You kill the orc!
You hit the orc.
The orc is poisoned.
The orc hits you but does no damage.
You hit the orc but do no damage.
The orc looks as sick as possible!
The orc is heavily wounded.
You kill the orc!
The orc priest casts a cantrip, but nothing happens.
The orc priest hits you but does no damage.
Things that are here:
a +0 whip; a +0 chain mail; an orc corpse You hit the orc priest.
The orc priest is lightly wounded.
The orc priest calls down the wrath of Beogh upon you.
Pain shoots through your body!
You hit the orc priest.
The orc priest is poisoned.
The orc priest is heavily wounded.
The orc priest hits you with a +2 heavy trident!
You die...

## #. ## .. ##(#
.## .##.. . ##...
...## ....
..#..#.####..##
#.5##.
#(.....o.......
...... ..)....@#
#.###....
##..#())####
#...%.#
#.#(...###....##
#..####..#..##..###
#. ###...# ##...#
#. #...########.# .
#...#........#.###
.#
#.##########...<..
# #######


You could see an orc priest (very poisoned).

Vanquished Creatures
  Grinder (D:3)
  Jessica (D:2)
  Natasha (D:3)
  2 adders
  A worm (D:2)
  A dart slug (D:2)
  4 orcs (D:3)
  5 ball pythons
  4 bats
  5 endoplasms
  3 giant cockroaches
  3 goblins (D:1)
  5 hobgoblins
  2 quokkas (D:1)
  A frilled lizard (D:1)
  6 kobolds
  4 rats
49 creatures vanquished.

Notes
Turn   | Place    | Note
-------+----------+-------------------------------------------
     0 | D:1      | qw the Gargoyle Fighter began the quest for the Orb.
     0 | D:1      | Reached XP level 1. HP: 14/14 MP: 1/1
     0 | D:1      | 0 ||| qw: Version: 0.3-a-46-gb1f654a
     0 | D:1      | 0 ||| qw: Game counter: 1033
     0 | D:1      | 0 ||| qw: Melee chars always use a shield: true
     0 | D:1      | 0 ||| qw: God list: Okawaru
     0 | D:1      | 0 ||| qw: Allow faded altars: false
     0 | D:1      | 0 ||| qw: Do Orc after clearing Dungeon:15 true
     0 | D:1      | 0 ||| qw: Do second Lair branch before Depths: true
     0 | D:1      | 0 ||| qw: Lair rune preference: random
     0 | D:1      | 0 ||| qw: Goals: Normal, Zot:1-4, Slime:5, God:TSO, Crypt,
                  | Tomb, Abyss, Pan, Hells, Win
     0 | D:1      | 0 ||| PLANNING D:1-11
    37 | D:1      | Reached skill level 2 in Axes
    49 | D:1      | 49 ||| Stepping ~*~*~tactically~*~*~ (stealth).
    51 | D:1      | 51 ||| Stepping ~*~*~tactically~*~*~ (stealth).
    70 | D:1      | Reached XP level 2. HP: 10/19 MP: 2/2
   221 | D:1      | 221 ||| Stepping ~*~*~tactically~*~*~ (stealth).
   222 | D:1      | 222 ||| Stepping ~*~*~tactically~*~*~ (stealth).
   223 | D:1      | 223 ||| Stepping ~*~*~tactically~*~*~ (stealth).
   224 | D:1      | 224 ||| Stepping ~*~*~tactically~*~*~ (stealth).
   225 | D:1      | 225 ||| Stepping ~*~*~tactically~*~*~ (stealth).
   322 | D:1      | Reached skill level 3 in Axes
   444 | D:1      | Reached XP level 3. HP: 23/23 MP: 3/3
   484 | D:1      | 484 ||| DROPPING +0 club.
   636 | D:1      | 636 ||| READING scroll labelled ALIFYA ETOHICU.
   640 | D:1      | 640 ||| READING scroll labelled NOENYL INOE.
   641 | D:1      | 641 ||| READING scroll labelled DEAWUBELLI.
   642 | D:1      | 642 ||| READING 4 scrolls labelled FAIFFI LATULANG.
   643 | D:1      | 643 ||| READING scroll labelled TANA AMADISI.
   644 | D:1      | 644 ||| READING scroll labelled MET ZUGUX LOBUN.
   645 | D:1      | 645 ||| DROPPING 3 scrolls of immolation.
   714 | D:2      | 714 ||| Stepping ~*~*~tactically~*~*~ (hiding).
   735 | D:2      | 735 ||| Stepping ~*~*~tactically~*~*~ (stealth).
   736 | D:2      | 736 ||| Stepping ~*~*~tactically~*~*~ (stealth).
   971 | D:2      | Noticed Jessica
   972 | D:2      | 972 ||| Stepping ~*~*~tactically~*~*~ (hiding).
   974 | D:2      | 974 ||| Stepping ~*~*~tactically~*~*~ (hiding).
   975 | D:2      | 975 ||| Stepping ~*~*~tactically~*~*~ (hiding).
   979 | D:2      | Killed Jessica
   980 | D:2      | Reached skill level 4 in Axes
   980 | D:2      | Reached XP level 4. HP: 28/28 MP: 4/4
  1248 | D:2      | Found a faded altar of an unknown god.
  1653 | D:2      | 1653 ||| UPGRADING to +1 pair of gloves.
  1658 | D:2      | 1658 ||| UPGRADING to +0 plate armour.
  1668 | D:2      | 1668 ||| DROPPING +0 scale mail.
  1704 | D:3      | 1704 ||| STAIRDANCE
  1741 | D:3      | Noticed Grinder
  1742 | D:3      | 1742 ||| Stepping ~*~*~tactically~*~*~ (hiding).
  1745 | D:3      | Noticed Natasha
  1748 | D:3      | Paralysed by Grinder for 5 turns
  1749 | D:3      | Reached skill level 1 in Throwing
  1753 | D:3      | Killed Natasha
  1754 | D:3      | Reached XP level 5. HP: 30/32 MP: 5/5
  1757 | D:3      | 1757 ||| Stepping ~*~*~tactically~*~*~ (hiding).
  1763 | D:3      | 1763 ||| Stepping ~*~*~tactically~*~*~ (hiding).
  1767 | D:3      | Paralysed by Grinder for 4 turns
  1773 | D:3      | Paralysed by Grinder for 3 turns
  1786 | D:3      | HP: 8/32 [Grinder (2)]
  1794 | D:3      | Killed Grinder
  1795 | D:3      | Reached skill level 5 in Axes
  1795 | D:3      | Reached XP level 6. HP: 7/37 MP: 6/6
  1920 | D:3      | 1920 ||| READING scroll of enchant weapon.
  1920 | D:3      | 1920 ||| ENCHANTING +1 war axe of venom.
  1926 | D:3      | 1926 ||| Stepping ~*~*~tactically~*~*~ (stealth).
  1936 | D:3      | 1936 ||| Stepping ~*~*~tactically~*~*~ (stealth).
  1952 | D:3      | HP: 4/37 [orc priest/nerve-wracking pain (7)]
  1953 | D:3      | Slain by an orc priest

Levels and vault maps discovered:
D:1:      dpeg_arrival_erosion, layout_rooms
D:2:      layout_loops_corners, ebering_ecumenical_altar_abandoned, uniq_jessica
D:3:      layout_rooms, uniq_natasha, uniq_grinder

Skill      XL: |  1  2  3  4  5 |
---------------+----------------+-----
Axes           | 2 3 4 5 |  5.8
Throwing       | 1 |  1.1
Fighting       | |  3.4
Armour         | |  3.2
Shields        | |  3.2

Action                     |  1- 3 |  4- 6 || total
---------------------------+-------+-------++-------
  Melee: War axe           |    74 |    62 ||   136
  Throw: Javelin           |       |    18 ||    18
    Use: Scroll            |     6 |     1 ||     7
 Armour: Scale mail        |    30 |       ||    30
         Plate armour      |       |    45 ||    45
  Dodge: Dodged            |    28 |    17 ||    45
  Block: Buckler           |     9 |    10 ||    19

Table legend:
 A = Non-vault XP
 B = Vault XP
 C = Vault XP percentage of total XP
 D = Non-vault monster count
 E = Vault monster count
 F = Vault count percentage of total count
                 A         B        C        D         E       F
            +---------+---------+-------+---------+---------+-------
      Total |     110 |     349 |  76.0 |      46 |       3 |   6.1
            +---------+---------+-------+---------+---------+-------
        D:1 |      41 |       0 |   0.0 |      24 |       0 |   0.0
        D:2 |      38 |      37 |  49.3 |      13 |       1 |   7.1
        D:3 |      31 |     312 |  91.0 |       9 |       2 |  18.2
            +---------+---------+-------+---------+---------+-------
